Admirals vs Griffins
Created - December 18, 2024 at 19:56
Goals
|
Admirals |
2 |
1 |
2 |
0 |
0 |
5 |
Griffins |
1 |
2 |
2 |
0 |
1 |
6 |
|
Shots
|
Admirals |
12 |
10 |
15 |
0 |
3 |
37 |
Griffins |
19 |
11 |
6 |
2 |
2 |
38 |
|
1st period
1. Griffins , Ryan Pulock 2 (Kailer Yamamoto 14, Christoffer Ehn 14) at 10:59 (PP)
2. Admirals , Kasper Bjorkqvist 4 (Reilly Walsh 13) at 12:49
3. Admirals , Lucas Wallmark 8 (Mathieu Joseph 12) at 16:29
Penalties :
Joonas Lyytinen (Gra) for Hooking (Minor) at 7:23, Lucas Wallmark (Mil) for Hooking (Minor) at 10:22, Samuel Poulin (Gra) for Holding (Minor) at 18:20
2nd period
4. Admirals , Mathieu Joseph 9 (Hunter Shinkaruk 13, Reilly Walsh 14) at 1:49 (PP)
5. Griffins , Sebastian Ahaut 2 (Joonas Lyytinen 1, Sonny Milano 26) at 1:57
6. Griffins , Ian McCoshen 3 (Robert Thomas 30, Christoffer Ehn 15) at 18:43
Penalties :
Connor McMichael (Gra) for Interference (Minor) at 1:38, Nolan Vesey (Mil) for Interference (Minor) at 4:34, Mathieu Joseph (Mil) for Tripping (Minor) at 12:58, Samuel Poulin (Gra) for Hooking (Minor) at 15:24, Lucas Wallmark (Mil) for Hooking (Minor) at 19:36
3rd period
7. Griffins , Jack Studnicka 2 (Ian McCoshen 11, Ryan Pulock 10) at 3:13
8. Admirals , Gerald Mayhew 8 (Ian Mitchell 12) at 11:13
9. Griffins , Kailer Yamamoto 10 (Nathan Walker 21, Dominic Turgeon 8) at 11:45
10. Admirals , Ruslan Iskhakov 2 (Ian Mitchell 13, Milos Kelemen 1) at 16:43
Penalties :
Kasper Bjorkqvist (Mil) for Tripping (Minor) at 3:37, Nolan Vesey (Mil) for Slashing (Minor) at 7:21
Overtime #1
No Goal
Penalties :
No Penalty
Shootout
Admirals, Mathieu Joseph - Stopped by Marcus Hogberg
Griffins, Sonny Milano - Goal!
Admirals, Mark McNeill - Stopped by Marcus Hogberg
Griffins, Nathan Walker - Stopped by Felix Sanstrom
Admirals, Hunter Shinkaruk - Stopped by Marcus Hogberg
Penalties :
No Penalty
Goalie Stats
Felix Sanstrom (Mil), 33 saves from 38 shots - (0.868), OTL, 8-5-3, 65:00 minutes
Marcus Hogberg (Gra), 32 saves from 37 shots - (0.865), W, 10-2-1, 65:00 minutes
Players Stats for Admirals
Player Name G A P +/- PIM S H SB GA TA FO MP PP MP PK MP
------------------------------------------------------------------------------------
Carl Dahlstrom 0 0 0 2 0 0 2 1 0 0 0/0 21:18 2:13 3:03
Christian Djoos 0 0 0 -2 0 3 1 1 0 0 0/0 28:40 3:55 6:44
Drew O'Connor 0 0 0 0 0 2 0 0 0 0 0/0 13:30 0:00 1:43
Filip Chlapik 0 0 0 0 0 0 0 0 0 1 4/8 12:05 0:00 0:10
Gerald Mayhew 1 0 1 2 0 1 1 0 0 1 0/0 8:00 0:00 0:00
Henry Thrun 0 0 0 0 0 0 0 0 0 0 0/0 3:50 0:00 0:00
Hunter Shinkaruk 0 1 1 -1 0 5 1 0 0 1 1/2 24:19 3:46 6:14
Ian Mitchell 0 2 2 2 0 1 1 2 0 0 0/0 19:39 2:13 3:03
Josh Norris 0 0 0 -1 0 1 1 1 1 1 9/13 18:30 2:22 4:31
Josh Wesley 0 0 0 0 0 0 0 2 0 0 0/0 9:41 0:00 0:45
Kasper Bjorkqvist 1 0 1 0 2 4 2 1 0 0 0/0 13:26 0:00 0:00
Lucas Wallmark 1 0 1 -1 4 2 1 1 2 0 21/40 23:01 3:46 4:23
Mark McNeill 0 0 0 -1 0 1 0 0 0 0 0/1 15:05 2:22 0:00
Mathieu Joseph 1 1 2 -1 2 7 3 0 0 0 0/1 18:28 3:46 0:00
Milos Kelemen 0 1 1 2 0 1 0 0 1 0 0/0 6:51 0:00 0:18
Nolan Vesey 0 0 0 -1 4 3 1 0 0 0 0/0 17:14 2:22 2:14
Reilly Walsh 0 2 2 -2 0 3 1 3 0 0 0/0 28:21 3:55 6:44
Ruslan Iskhakov 1 0 1 2 0 3 1 0 0 0 0/3 8:53 0:00 1:31
Sean Durzi 0 0 0 0 0 0 0 1 0 1 0/0 9:03 0:00 0:07
Tobias Bjornfot 0 0 0 0 0 0 0 0 0 0 0/0 4:28 0:00 0:38
Players Stats for Griffins
Player Name G A P +/- PIM S H SB GA TA FO MP PP MP PK MP
------------------------------------------------------------------------------------
Brycen Martin 0 0 0 -1 0 0 0 0 0 0 0/0 5:20 0:32 0:00
Christoffer Ehn 0 2 2 0 0 5 2 0 0 0 17/27 22:25 4:53 2:17
Connor McMichael 0 0 0 -1 2 0 2 0 0 0 3/8 13:52 4:48 0:00
Dominic Turgeon 0 1 1 0 0 1 0 0 0 0 10/18 17:26 0:02 3:51
Ian McCoshen 1 1 2 1 0 5 0 2 2 0 0/0 25:16 4:17 2:05
Jack Studnicka 1 0 1 1 0 2 1 0 0 0 1/4 8:56 0:38 0:00
Joonas Lyytinen 0 1 1 1 2 1 0 0 0 1 0/0 12:29 0:00 2:36
Jordan Spence 0 0 0 -1 0 1 0 1 0 0 0/0 17:42 6:15 0:00
Kailer Yamamoto 1 1 2 0 0 3 1 0 1 0 1/1 17:13 3:54 0:00
Mathieu Brodeur 0 0 0 -1 0 0 3 2 0 0 0/0 17:51 0:00 4:03
Morgan Barron 0 0 0 -1 0 2 1 0 0 0 0/0 11:37 0:21 2:15
Morgan Geekie 0 0 0 -1 0 2 1 1 0 0 0/0 14:46 1:04 3:52
Nathan Walker 0 1 1 0 0 1 0 0 1 0 0/1 18:06 4:37 0:01
Nils Hoglander 0 0 0 1 0 3 2 0 1 0 0/0 8:52 0:00 0:00
Robert Thomas 0 1 1 0 0 5 1 0 0 1 1/9 20:49 5:35 0:00
Ryan Pulock 1 1 2 1 0 2 2 0 0 1 0/0 22:04 6:15 0:00
Samuel Poulin 0 0 0 1 4 1 1 0 0 0 0/0 8:45 0:00 0:00
Sebastian Ahaut 1 0 1 1 0 1 0 1 0 1 0/0 17:25 3:45 1:27
Sonny Milano 0 1 1 0 0 3 1 1 0 0 0/0 20:51 5:44 0:00
Tyler Lewington 0 0 0 -1 0 0 1 0 0 0 0/0 7:03 0:00 2:05
3 Stars
1 - Ryan Pulock (Gra)
2 - Ian McCoshen (Gra)
3 - Kailer Yamamoto (Gra)
Power Play
Admirals - 1 on 4 Attempt(s) - 25.00%
Griffins - 1 on 6 Attempt(s) - 16.67%
Penalty Kill
Admirals - 5 on 6 Attempt(s) - 83.33%
- Score 0 goal in Penalty Kill
Griffins - 3 on 4 Attempt(s) - 75.00%
- Score 0 goal in Penalty Kill
Team Stat
Admirals - Hits : 16 - Faceoff Wins : 35 - Blocked Shots : 13 - Penalty Minutes : 12
Griffins - Hits : 19 - Faceoff Wins : 33 - Blocked Shots : 8 - Penalty Minutes : 8
Official
Referees : Garrett Rank and Chris Schlenker
Linesman : Ryan Daisy and Travis Gawryletz
Game Notes
No Game Note
Finance
Level 1 -- Attendance: 1890 (94.50%) -- Ticket Income $132,300
Level 2 -- Attendance: 876 (87.60%) -- Ticket Income $35,040
Total Attendance: 2766 (92.20%)
Total Ticket Income: $167,340
Other Income: $8,367
Total Income: $175,707
Admirals
5 vs 5 Forward
Center Left Wing Right Wing Time % Phy DF OF
1 Lucas Wallmark Hunter Shinkaruk Mathieu Joseph 40 1 2 2
2 Josh Norris Nolan Vesey Mark McNeill 30 1 2 2
3 Filip Chlapik Drew O'Connor Kasper Bjorkqvist 20 1 2 2
4 Ruslan Iskhakov Milos Kelemen Gerald Mayhew 10 1 2 2
5 vs 5 Defense
Defense Defense Time % Phy DF OF
1 Christian Djoos Reilly Walsh 40 1 2 2
2 Carl Dahlstrom Ian Mitchell 30 1 2 2
3 Sean Durzi Josh Wesley 20 1 2 2
4 Tobias Bjornfot Henry Thrun 10 1 2 2
PowerPlay Forward
Center Left Wing Right Wing Time % Phy DF OF
1 Lucas Wallmark Hunter Shinkaruk Mathieu Joseph 60 1 2 2
2 Josh Norris Nolan Vesey Mark McNeill 40 1 2 2
PowerPlay Defense
Defense Defense Time % Phy DF OF
1 Christian Djoos Reilly Walsh 60 1 2 2
2 Carl Dahlstrom Ian Mitchell 40 1 2 2
Penalty Kill 4 Players Forward
Center Wing Time % Phy DF OF
1 Lucas Wallmark Hunter Shinkaruk 60 1 2 2
2 Josh Norris Nolan Vesey 40 1 2 2
Penalty Kill 4 Players Defense
Defense Defense Time % Phy DF OF
1 Christian Djoos Reilly Walsh 60 1 3 1
2 Carl Dahlstrom Ian Mitchell 40 1 3 1
Penalty Kill - 3 Players Forward
Forward Time % Phy DF OF
1 Lucas Wallmark 60 1 3 1
2 Josh Norris 40 1 3 1
Penalty Kill - 3 Players Defense
Defense Defense Time % Phy DF OF
1 Christian Djoos Reilly Walsh 60 1 3 1
2 Carl Dahlstrom Ian Mitchell 40 1 3 1
4 vs 4 Forward
Center Wing Time % Phy DF OF
1 Lucas Wallmark Hunter Shinkaruk 60 1 2 2
2 Josh Norris Nolan Vesey 40 1 2 2
4 vs 4 Defense
Defense Defense Time % Phy DF OF
1 Christian Djoos Reilly Walsh 60 1 2 2
2 Carl Dahlstrom Ian Mitchell 40 1 2 2
Last Minutes Offensive
Center Left Wing Right Wing Defense Defense
Lucas Wallmark Hunter Shinkaruk Mathieu Joseph Christian Djoos Reilly Walsh
Last Minutes Defensive
Center Left Wing Right Wing Defense Defense
Lucas Wallmark Hunter Shinkaruk Mathieu Joseph Christian Djoos Reilly Walsh
Goaltenders
Starting : Felix Sanstrom
Backup : Tristan Jarry
Extra Forwards
Normal : Lucas Wallmark, Gerald Mayhew, Nolan Vesey - PP : Lucas Wallmark, Gerald Mayhew - PK : Lucas Wallmark
Extra Defensemen
Normal : Josh Wesley, Tobias Bjornfot, Henry Thrun - PP : Josh Wesley - PK : Josh Wesley, Tobias Bjornfot
Penalty Shots
Mathieu Joseph, Mark McNeill, Hunter Shinkaruk, Kasper Bjorkqvist, Lucas Wallmark
Custom OT Lines Forwards
Mathieu Joseph, Mark McNeill, Hunter Shinkaruk, Kasper Bjorkqvist, Lucas Wallmark, Gerald Mayhew, Nolan Vesey, Josh Norris, Drew O'Connor, Milos Kelemen
Custom OT Lines Defensemen
Christian Djoos, Reilly Walsh, Carl Dahlstrom, Ian Mitchell, Sean Durzi
Scratches
Bokondji Imama (Healthy), Joni Ikonen (Healthy), Grant Hutton (Healthy), Riley Barber (Broken Bone (Left Foot) Injury), Ryan Olsen (Healthy)
Sergei Zborovskiy (Healthy), Troy Bourke (Healthy), Carsen Twarynski (Healthy), Libor Hajek (Healthy), Pavol Regenda (Torn Left Knee Ligaments Injury)
Mark Kastelic (Healthy), Patrick Moynihan (Healthy), Jack Malone (Healthy)
Griffins
5 vs 5 Forward
Center Left Wing Right Wing Time % Phy DF OF
1 Christoffer Ehn Sonny Milano Robert Thomas 40 1 2 2
2 Dominic Turgeon Nathan Walker Kailer Yamamoto 30 1 2 2
3 Connor McMichael Morgan Barron Morgan Geekie 20 1 2 2
4 Jack Studnicka Nils Hoglander Samuel Poulin 10 1 2 2
5 vs 5 Defense
Defense Defense Time % Phy DF OF
1 Ian McCoshen Ryan Pulock 40 1 2 2
2 Mathieu Brodeur Jordan Spence 30 1 2 2
3 Joonas Lyytinen Sebastian Ahaut 20 1 2 2
4 Brycen Martin Tyler Lewington 10 1 2 2
PowerPlay Forward
Center Left Wing Right Wing Time % Phy DF OF
1 Robert Thomas Sonny Milano Nathan Walker 60 1 2 2
2 Christoffer Ehn Connor McMichael Kailer Yamamoto 40 1 2 2
PowerPlay Defense
Defense Defense Time % Phy DF OF
1 Jordan Spence Ryan Pulock 60 1 2 2
2 Ian McCoshen Sebastian Ahaut 40 1 2 2
Penalty Kill 4 Players Forward
Center Wing Time % Phy DF OF
1 Dominic Turgeon Morgan Geekie 60 1 2 2
2 Christoffer Ehn Morgan Barron 40 1 2 2
Penalty Kill 4 Players Defense
Defense Defense Time % Phy DF OF
1 Mathieu Brodeur Joonas Lyytinen 60 1 2 2
2 Tyler Lewington Ian McCoshen 40 1 2 2
Penalty Kill - 3 Players Forward
Forward Time % Phy DF OF
1 Dominic Turgeon 60 1 2 2
2 Christoffer Ehn 40 1 2 2
Penalty Kill - 3 Players Defense
Defense Defense Time % Phy DF OF
1 Mathieu Brodeur Joonas Lyytinen 60 1 2 2
2 Sebastian Ahaut Tyler Lewington 40 1 2 2
4 vs 4 Forward
Center Wing Time % Phy DF OF
1 Robert Thomas Sonny Milano 60 1 2 2
2 Kailer Yamamoto Nathan Walker 40 1 2 2
4 vs 4 Defense
Defense Defense Time % Phy DF OF
1 Ian McCoshen Jordan Spence 60 1 2 2
2 Sebastian Ahaut Ryan Pulock 40 1 2 2
Last Minutes Offensive
Center Left Wing Right Wing Defense Defense
Robert Thomas Sonny Milano Nathan Walker Ian McCoshen Jordan Spence
Last Minutes Defensive
Center Left Wing Right Wing Defense Defense
Christoffer Ehn Dominic Turgeon Kailer Yamamoto Joonas Lyytinen Mathieu Brodeur
Goaltenders
Starting : Marcus Hogberg
Backup : Adam Werner
Extra Forwards
Normal : Morgan Geekie, Connor McMichael, Nils Hoglander - PP : Morgan Geekie, Dominic Turgeon - PK : Samuel Poulin
Extra Defensemen
Normal : Joonas Lyytinen, Sebastian Ahaut, Tyler Lewington - PP : Joonas Lyytinen - PK : Sebastian Ahaut, Brycen Martin
Penalty Shots
Sonny Milano, Nathan Walker, Robert Thomas, Kailer Yamamoto, Christoffer Ehn
Custom OT Lines Forwards
Sonny Milano, Christoffer Ehn, Robert Thomas, Nathan Walker, Kailer Yamamoto, Dominic Turgeon, Morgan Geekie, Connor McMichael, Nils Hoglander, Morgan Barron
Custom OT Lines Defensemen
Ian McCoshen, Mathieu Brodeur, Ryan Pulock, Jordan Spence, Sebastian Ahaut
Scratches
Brendan Leipsic (Healthy), Scott Reedy (Healthy), Jack Ramsey (Healthy), Michael Bunting (Healthy), Conor Timmins (Healthy)
Calvin Thurkauf (Healthy), Oskar Steen (Healthy), Nick Swaney (Healthy), Dominik Bokk (Healthy), Viktor Lodin (Healthy)
Vladislav Kolyachonok (Healthy), Philippe Desrosiers (Healthy)
% Time on Ice - Admirals
Lines # - Real PCT - Wanted PCT - Time Play
Normal Forward
1 - 32% - 40% - 13:59
2 - 26% - 30% - 11:19
3 - 27% - 20% - 11:48
4 - 14% - 10% - 6:14
Normal Defense
1 - 37% - 40% - 16:11
2 - 33% - 30% - 14:23
3 - 21% - 20% - 8:56
4 - 9% - 10% - 3:50
PP Forward
1 - 61% - 60% - 3:46
2 - 39% - 40% - 2:22
PP Defense
1 - 64% - 60% - 3:55
2 - 36% - 40% - 2:13
PK Forward
1 - 78% - 60% - 8:13
2 - 22% - 40% - 2:19
PK Defense
1 - 71% - 60% - 7:29
2 - 29% - 40% - 3:03
PK3 Forward
1 - 0% - 60%
2 - 0% - 40%
PK3 Defense
1 - 0% - 60%
2 - 0% - 40%
44 Forward
1 - 0% - 60%
2 - 0% - 40%
44 Defense
1 - 0% - 60%
2 - 0% - 40%
Last Minute Offensive - 0:00
Last Minute Defensive - 0:00
Total
Forward - 60:00
Defense - 60:00
|
% Time on Ice - Griffins
Lines # - Real PCT - Wanted PCT - Time Play
Normal Forward
1 - 31% - 40% - 13:33
2 - 28% - 30% - 12:04
3 - 21% - 20% - 8:59
4 - 20% - 10% - 8:44
Normal Defense
1 - 35% - 40% - 15:03
2 - 32% - 30% - 13:59
3 - 22% - 20% - 9:30
4 - 11% - 10% - 4:48
PP Forward
1 - 54% - 60% - 5:44
2 - 46% - 40% - 4:48
PP Defense
1 - 59% - 60% - 6:15
2 - 41% - 40% - 4:17
PK Forward
1 - 78% - 60% - 4:47
2 - 22% - 40% - 1:21
PK Defense
1 - 66% - 60% - 4:03
2 - 34% - 40% - 2:05
PK3 Forward
1 - 0% - 60%
2 - 0% - 40%
PK3 Defense
1 - 0% - 60%
2 - 0% - 40%
44 Forward
1 - 0% - 60%
2 - 0% - 40%
44 Defense
1 - 0% - 60%
2 - 0% - 40%
Last Minute Offensive - 0:00
Last Minute Defensive - 0:00
Total
Forward - 60:00
Defense - 60:00
|
Play-by-Play
1st period
0:01 of 1st period - Christoffer Ehn wins face-off versus Lucas Wallmark in neutral zone.
0:08 of 1st period - Snap shot by Robert Thomas.
0:08 of 1st period - Stopped by Felix Sanstrom without a rebound.
0:09 of 1st period - Christoffer Ehn wins face-off versus Lucas Wallmark in Admirals zone.
0:24 of 1st period - Slapshot by Robert Thomas.
0:24 of 1st period - Stopped by Felix Sanstrom with a rebound.
0:26 of 1st period - Snap shot by Sonny Milano.
0:26 of 1st period - Stopped by Felix Sanstrom without a rebound.
0:27 of 1st period - Josh Norris wins face-off versus Dominic Turgeon in Admirals zone.
0:38 of 1st period - Snap shot by Nolan Vesey.
0:38 of 1st period - Shot Blocked by Mathieu Brodeur.
2:22 of 1st period - Wrist shot by Ryan Pulock.
2:22 of 1st period - Shot Blocked by Sean Durzi.
2:24 of 1st period - Snap shot by Morgan Barron.
2:24 of 1st period - Stopped by Felix Sanstrom without a rebound.
2:25 of 1st period - Christoffer Ehn wins face-off versus Lucas Wallmark in Admirals zone.
2:28 of 1st period - Wrist shot by Robert Thomas.
2:28 of 1st period - Shot Blocked by Reilly Walsh.
3:31 of 1st period - Wrist shot by Kasper Bjorkqvist.
3:31 of 1st period - Shot Misses the Net.
3:33 of 1st period - Slapshot by Tobias Bjornfot.
3:33 of 1st period - Shot Blocked by Sebastian Ahaut.
3:35 of 1st period - Slapshot by Reilly Walsh.
3:35 of 1st period - Stopped by Marcus Hogberg with a rebound.
4:24 of 1st period - Snap shot by Morgan Barron.
4:24 of 1st period - Shot Misses the Net.
5:00 of 1st period - Mathieu Joseph is hit by Sonny Milano and loses puck.
5:15 of 1st period - Snap shot by Mark McNeill.
5:15 of 1st period - Shot Misses the Net.
5:18 of 1st period - Icing by Christoffer Ehn.
5:19 of 1st period - Josh Norris wins face-off versus Christoffer Ehn in Griffins zone.
6:06 of 1st period - Snap shot by Robert Thomas.
6:06 of 1st period - Stopped by Felix Sanstrom with a rebound.
6:08 of 1st period - Backhand shot by Christoffer Ehn.
6:08 of 1st period - Stopped by Felix Sanstrom without a rebound.
6:09 of 1st period - Dominic Turgeon wins face-off versus Lucas Wallmark in Admirals zone.
6:36 of 1st period - Morgan Barron is hit by Gerald Mayhew and loses puck.
6:47 of 1st period - Wrist shot by Gerald Mayhew.
6:47 of 1st period - Shot Blocked by Mathieu Brodeur.
6:49 of 1st period - Slapshot by Christian Djoos.
6:49 of 1st period - Stopped by Marcus Hogberg with a rebound.
7:01 of 1st period - Wrist shot by Jack Studnicka.
7:01 of 1st period - Deflect By Nils Hoglander.
7:01 of 1st period - Shot Blocked by Christian Djoos.
7:01 of 1st period - Puck is out of play.
7:02 of 1st period - Filip Chlapik wins face-off versus Jack Studnicka in Admirals zone.
7:02 of 1st period - Filip Chlapik is hit by Jack Studnicka.
7:18 of 1st period - Wrist shot by Kasper Bjorkqvist.
7:18 of 1st period - Stopped by Marcus Hogberg without a rebound.
7:19 of 1st period - Lucas Wallmark wins face-off versus Nathan Walker in Griffins zone.
7:20 of 1st period - Wrist shot by Mathieu Joseph.
7:20 of 1st period - Stopped by Marcus Hogberg without a rebound.
7:21 of 1st period - Dominic Turgeon wins face-off versus Lucas Wallmark in Griffins zone.
7:23 of 1st period - Minor Penalty to Joonas Lyytinen for Hooking.
7:24 of 1st period - Dominic Turgeon wins face-off versus Lucas Wallmark in Griffins zone.
8:04 of 1st period - Slapshot by Mathieu Joseph.
8:04 of 1st period - Stopped by Marcus Hogberg with a rebound.
8:06 of 1st period - Snap shot by Mathieu Joseph.
8:06 of 1st period - Stopped by Marcus Hogberg without a rebound.
8:07 of 1st period - Dominic Turgeon wins face-off versus Josh Norris in Griffins zone.
8:47 of 1st period - Off-side.
8:48 of 1st period - Christoffer Ehn wins face-off versus Josh Norris in neutral zone.
9:23 of 1st period - Penalty to Joonas Lyytinen is over, Joonas Lyytinen is back on ice.
9:32 of 1st period - Snap shot by Nils Hoglander.
9:32 of 1st period - Stopped by Felix Sanstrom with a rebound.
9:47 of 1st period - Icing by Filip Chlapik.
9:48 of 1st period - Christoffer Ehn wins face-off versus Ruslan Iskhakov in Admirals zone.
9:51 of 1st period - Snap shot by Christoffer Ehn.
9:51 of 1st period - Stopped by Felix Sanstrom without a rebound.
9:52 of 1st period - Christoffer Ehn wins face-off versus Ruslan Iskhakov in Admirals zone.
10:09 of 1st period - Snap shot by Robert Thomas.
10:09 of 1st period - Stopped by Felix Sanstrom with a rebound.
10:11 of 1st period - Snap shot by Christoffer Ehn.
10:11 of 1st period - Stopped by Felix Sanstrom with a rebound.
10:13 of 1st period - Snap shot by Robert Thomas.
10:13 of 1st period - Shot Misses the Net.
10:15 of 1st period - Snap shot by Christoffer Ehn.
10:15 of 1st period - Stopped by Felix Sanstrom without a rebound.
10:16 of 1st period - Kailer Yamamoto wins face-off versus Lucas Wallmark in Admirals zone.
10:22 of 1st period - Minor Penalty to Lucas Wallmark for Hooking.
10:23 of 1st period - Josh Norris wins face-off versus Robert Thomas in Admirals zone.
10:57 of 1st period - Snap shot by Kailer Yamamoto.
10:57 of 1st period - Shot Misses the Net.
10:59 of 1st period - Slapshot by Ryan Pulock.
10:59 of 1st period - Goal by Ryan Pulock - Admirals : 0 - Griffins : 1.
11:00 of 1st period - Lucas Wallmark wins face-off versus Dominic Turgeon in neutral zone.
11:03 of 1st period - Snap shot by Lucas Wallmark.
11:03 of 1st period - Stopped by Marcus Hogberg without a rebound.
11:04 of 1st period - Dominic Turgeon wins face-off versus Lucas Wallmark in Griffins zone.
11:11 of 1st period - Wrist shot by Hunter Shinkaruk.
11:11 of 1st period - Stopped by Marcus Hogberg with a rebound.
11:35 of 1st period - Snap shot by Josh Norris.
11:35 of 1st period - Stopped by Marcus Hogberg without a rebound.
11:36 of 1st period - Lucas Wallmark wins face-off versus Christoffer Ehn in Griffins zone.
12:01 of 1st period - Mark McNeill is hit by Kailer Yamamoto and loses puck.
12:24 of 1st period - Wrist shot by Morgan Barron.
12:24 of 1st period - Shot Misses the Net.
12:26 of 1st period - Slapshot by Ian McCoshen.
12:26 of 1st period - Stopped by Felix Sanstrom without a rebound.
12:27 of 1st period - Christoffer Ehn wins face-off versus Filip Chlapik in Admirals zone.
12:28 of 1st period - Wrist shot by Robert Thomas.
12:28 of 1st period - Shot Blocked by Reilly Walsh.
12:49 of 1st period - Snap shot by Kasper Bjorkqvist.
12:49 of 1st period - Goal by Kasper Bjorkqvist - Admirals : 1 - Griffins : 1.
12:50 of 1st period - Lucas Wallmark wins face-off versus Dominic Turgeon in neutral zone.
13:46 of 1st period - Snap shot by Ian McCoshen.
13:46 of 1st period - Stopped by Felix Sanstrom without a rebound.
13:47 of 1st period - Christoffer Ehn wins face-off versus Mathieu Joseph in Admirals zone.
13:48 of 1st period - Wrist shot by Sonny Milano.
13:48 of 1st period - Stopped by Felix Sanstrom with a rebound.
15:11 of 1st period - Snap shot by Kailer Yamamoto.
15:11 of 1st period - Stopped by Felix Sanstrom with a rebound.
15:13 of 1st period - Snap shot by Ian McCoshen.
15:13 of 1st period - Deflect By Filip Chlapik.
15:13 of 1st period - Stopped by Felix Sanstrom with a rebound.
15:15 of 1st period - Slapshot by Dominic Turgeon.
15:15 of 1st period - Shot Blocked by Josh Wesley.
15:17 of 1st period - Snap shot by Nathan Walker.
15:17 of 1st period - Shot Misses the Net.
15:19 of 1st period - Slapshot by Ryan Pulock.
15:19 of 1st period - Stopped by Felix Sanstrom with a rebound.
15:21 of 1st period - Snap shot by Kailer Yamamoto.
15:21 of 1st period - Stopped by Felix Sanstrom without a rebound.
15:22 of 1st period - Lucas Wallmark wins face-off versus Christoffer Ehn in Admirals zone.
15:29 of 1st period - Wrist shot by Hunter Shinkaruk.
15:29 of 1st period - Deflect By Sonny Milano.
15:29 of 1st period - Shot Misses the Net.
15:29 of 1st period - Puck is out of play.
15:30 of 1st period - Christoffer Ehn wins face-off versus Lucas Wallmark in Griffins zone.
16:25 of 1st period - Snap shot by Nolan Vesey.
16:25 of 1st period - Stopped by Marcus Hogberg without a rebound.
16:26 of 1st period - Lucas Wallmark wins face-off versus Connor McMichael in Griffins zone.
16:29 of 1st period - Slapshot by Mathieu Joseph.
16:29 of 1st period - Deflect By Lucas Wallmark.
16:29 of 1st period - Goal by Lucas Wallmark - Admirals : 2 - Griffins : 1.
16:30 of 1st period - Lucas Wallmark wins face-off versus Connor McMichael in neutral zone.
16:39 of 1st period - Morgan Geekie is hit by Mathieu Joseph and loses puck.
16:57 of 1st period - Off-side.
16:58 of 1st period - Josh Norris wins face-off versus Christoffer Ehn in neutral zone.
17:25 of 1st period - Mathieu Joseph is hit by Morgan Barron and loses puck.
18:20 of 1st period - Minor Penalty to Samuel Poulin for Holding.
18:21 of 1st period - Dominic Turgeon wins face-off versus Lucas Wallmark in Griffins zone.
18:40 of 1st period - Mathieu Joseph is hit by Mathieu Brodeur and loses puck.
19:27 of 1st period - Morgan Barron is hit by Lucas Wallmark and loses puck.
Goals for this period are 2 for Admirals vs 1 for Griffins.
Shots for this period are 12 for Admirals vs 19 for Griffins.
2nd period
0:01 of 2nd period - Dominic Turgeon wins face-off versus Lucas Wallmark in neutral zone.
0:20 of 2nd period - Penalty to Samuel Poulin is over, Samuel Poulin is back on ice.
0:26 of 2nd period - Mark McNeill is hit by Mathieu Brodeur and loses puck.
0:32 of 2nd period - Off-side.
0:33 of 2nd period - Lucas Wallmark wins face-off versus Christoffer Ehn in neutral zone.
0:44 of 2nd period - Wrist shot by Lucas Wallmark.
0:44 of 2nd period - Shot Misses the Net.
0:46 of 2nd period - Slapshot by Lucas Wallmark.
0:46 of 2nd period - Deflect By Mathieu Joseph.
0:46 of 2nd period - Stopped by Marcus Hogberg with a rebound.
1:04 of 2nd period - Wrist shot by Kasper Bjorkqvist.
1:04 of 2nd period - Stopped by Marcus Hogberg without a rebound.
1:05 of 2nd period - Dominic Turgeon wins face-off versus Filip Chlapik in Griffins zone.
1:23 of 2nd period - Snap shot by Kasper Bjorkqvist.
1:23 of 2nd period - Shot Blocked by Jordan Spence.
1:38 of 2nd period - Minor Penalty to Connor McMichael for Interference.
1:39 of 2nd period - Lucas Wallmark wins face-off versus Dominic Turgeon in Griffins zone.
1:41 of 2nd period - Wrist shot by Lucas Wallmark.
1:41 of 2nd period - Shot Misses the Net.
1:43 of 2nd period - Snap shot by Hunter Shinkaruk.
1:43 of 2nd period - Shot Misses the Net.
1:45 of 2nd period - Slapshot by Reilly Walsh.
1:45 of 2nd period - Stopped by Marcus Hogberg with a rebound.
1:47 of 2nd period - Wrist shot by Hunter Shinkaruk.
1:47 of 2nd period - Stopped by Marcus Hogberg with a rebound.
1:49 of 2nd period - Snap shot by Mathieu Joseph.
1:49 of 2nd period - Goal by Mathieu Joseph - Admirals : 3 - Griffins : 1.
1:50 of 2nd period - Christoffer Ehn wins face-off versus Lucas Wallmark in neutral zone.
1:53 of 2nd period - Slapshot by Sonny Milano.
1:53 of 2nd period - Shot Blocked by Reilly Walsh.
1:55 of 2nd period - Slapshot by Joonas Lyytinen.
1:55 of 2nd period - Stopped by Felix Sanstrom with a rebound.
1:57 of 2nd period - Slapshot by Sebastian Ahaut.
1:57 of 2nd period - Goal by Sebastian Ahaut - Admirals : 3 - Griffins : 2.
1:58 of 2nd period - Christoffer Ehn wins face-off versus Lucas Wallmark in neutral zone.
2:11 of 2nd period - Snap shot by Hunter Shinkaruk.
2:11 of 2nd period - Stopped by Marcus Hogberg without a rebound.
2:12 of 2nd period - Lucas Wallmark wins face-off versus Dominic Turgeon in Griffins zone.
2:30 of 2nd period - Icing by Joonas Lyytinen.
2:31 of 2nd period - Dominic Turgeon wins face-off versus Josh Norris in Griffins zone.
2:31 of 2nd period - Dominic Turgeon is hit by Carl Dahlstrom.
3:41 of 2nd period - Snap shot by Dominic Turgeon.
3:41 of 2nd period - Shot Blocked by Josh Norris.
4:11 of 2nd period - Wrist shot by Nathan Walker.
4:11 of 2nd period - Stopped by Felix Sanstrom with a rebound.
4:13 of 2nd period - Slapshot by Dominic Turgeon.
4:13 of 2nd period - Stopped by Felix Sanstrom with a rebound.
4:34 of 2nd period - Minor Penalty to Nolan Vesey for Interference.
4:35 of 2nd period - Lucas Wallmark wins face-off versus Robert Thomas in Admirals zone.
5:05 of 2nd period - Reilly Walsh is hit by Connor McMichael and loses puck.
5:16 of 2nd period - Reilly Walsh is hit by Robert Thomas and loses puck.
6:11 of 2nd period - Tobias Bjornfot is hit by Ryan Pulock and loses puck.
6:34 of 2nd period - Penalty to Nolan Vesey is over, Nolan Vesey is back on ice.
6:38 of 2nd period - Carl Dahlstrom is hit by Christoffer Ehn.
12:58 of 2nd period - Minor Penalty to Mathieu Joseph for Tripping.
12:59 of 2nd period - Robert Thomas wins face-off versus Lucas Wallmark in Admirals zone.
13:11 of 2nd period - Snap shot by Sonny Milano.
13:11 of 2nd period - Shot Misses the Net.
13:25 of 2nd period - Kailer Yamamoto is hit by Christian Djoos.
13:35 of 2nd period - Snap shot by Christoffer Ehn.
13:35 of 2nd period - Stopped by Felix Sanstrom with a rebound.
13:52 of 2nd period - Icing by Sonny Milano.
13:53 of 2nd period - Hunter Shinkaruk wins face-off versus Robert Thomas in Griffins zone.
14:04 of 2nd period - Nathan Walker is hit by Nolan Vesey and loses puck.
14:58 of 2nd period - Penalty to Mathieu Joseph is over, Mathieu Joseph is back on ice.
15:02 of 2nd period - Jack Studnicka is hit by Carl Dahlstrom.
15:10 of 2nd period - Slapshot by Ian McCoshen.
15:10 of 2nd period - Deflect By Ian Mitchell.
15:10 of 2nd period - Stopped by Felix Sanstrom with a rebound.
15:12 of 2nd period - Snap shot by Nils Hoglander.
15:12 of 2nd period - Stopped by Felix Sanstrom without a rebound.
15:13 of 2nd period - Filip Chlapik wins face-off versus Jack Studnicka in Admirals zone.
15:13 of 2nd period - Filip Chlapik is hit by Tyler Lewington.
15:24 of 2nd period - Minor Penalty to Samuel Poulin for Hooking.
15:25 of 2nd period - Lucas Wallmark wins face-off versus Dominic Turgeon in Griffins zone.
15:37 of 2nd period - Wrist shot by Mathieu Joseph.
15:37 of 2nd period - Stopped by Marcus Hogberg without a rebound.
15:38 of 2nd period - Lucas Wallmark wins face-off versus Dominic Turgeon in Griffins zone.
15:47 of 2nd period - Christian Djoos is hit by Mathieu Brodeur and loses puck.
16:20 of 2nd period - Slapshot by Nolan Vesey.
16:20 of 2nd period - Stopped by Marcus Hogberg with a rebound.
17:16 of 2nd period - Ian McCoshen is hit by Mathieu Joseph and loses puck.
17:24 of 2nd period - Penalty to Samuel Poulin is over, Samuel Poulin is back on ice.
17:33 of 2nd period - Wrist shot by Samuel Poulin.
17:33 of 2nd period - Stopped by Felix Sanstrom without a rebound.
17:34 of 2nd period - Jack Studnicka wins face-off versus Filip Chlapik in Admirals zone.
17:59 of 2nd period - Drew O'Connor is hit by Nils Hoglander and loses puck.
18:20 of 2nd period - Snap shot by Kasper Bjorkqvist.
18:20 of 2nd period - Shot Misses the Net.
18:30 of 2nd period - Reilly Walsh is hit by Nils Hoglander and loses puck.
18:37 of 2nd period - Wrist shot by Jack Studnicka.
18:37 of 2nd period - Stopped by Felix Sanstrom with a rebound.
18:39 of 2nd period - Wrist shot by Nils Hoglander.
18:39 of 2nd period - Stopped by Felix Sanstrom without a rebound.
18:40 of 2nd period - Christoffer Ehn wins face-off versus Lucas Wallmark in Admirals zone.
18:41 of 2nd period - Wrist shot by Robert Thomas.
18:41 of 2nd period - Shot Blocked by Carl Dahlstrom.
18:43 of 2nd period - Slapshot by Ian McCoshen.
18:43 of 2nd period - Goal by Ian McCoshen - Admirals : 3 - Griffins : 3.
18:44 of 2nd period - Christoffer Ehn wins face-off versus Hunter Shinkaruk in neutral zone.
19:09 of 2nd period - Ryan Pulock is hit by Josh Norris and loses puck.
19:14 of 2nd period - Snap shot by Mark McNeill.
19:14 of 2nd period - Stopped by Marcus Hogberg without a rebound.
19:15 of 2nd period - Lucas Wallmark wins face-off versus Christoffer Ehn in Griffins zone.
19:18 of 2nd period - Slapshot by Mathieu Joseph.
19:18 of 2nd period - Deflect By Mathieu Brodeur.
19:18 of 2nd period - Stopped by Marcus Hogberg with a rebound.
19:36 of 2nd period - Minor Penalty to Lucas Wallmark for Hooking.
19:37 of 2nd period - Josh Norris wins face-off versus Robert Thomas in Admirals zone.
Goals for this period are 1 for Admirals vs 2 for Griffins.
Shots for this period are 10 for Admirals vs 11 for Griffins.
3rd period
0:01 of 3rd period - Josh Norris wins face-off versus Robert Thomas in neutral zone.
1:36 of 3rd period - Penalty to Lucas Wallmark is over, Lucas Wallmark is back on ice.
1:43 of 3rd period - Snap shot by Samuel Poulin.
1:43 of 3rd period - Shot Blocked by Lucas Wallmark.
1:45 of 3rd period - Snap shot by Tyler Lewington.
1:45 of 3rd period - Shot Misses the Net.
1:47 of 3rd period - Slapshot by Tyler Lewington.
1:47 of 3rd period - Shot Misses the Net.
2:06 of 3rd period - Slapshot by Ruslan Iskhakov.
2:06 of 3rd period - Stopped by Marcus Hogberg with a rebound.
2:22 of 3rd period - Snap shot by Kasper Bjorkqvist.
2:22 of 3rd period - Shot Misses the Net.
2:24 of 3rd period - Backhand shot by Drew O'Connor.
2:24 of 3rd period - Stopped by Marcus Hogberg without a rebound.
2:25 of 3rd period - Filip Chlapik wins face-off versus Jack Studnicka in Griffins zone.
2:54 of 3rd period - Slapshot by Ian Mitchell.
2:54 of 3rd period - Shot Blocked by Ian McCoshen.
3:04 of 3rd period - Filip Chlapik is hit by Samuel Poulin and loses puck.
3:13 of 3rd period - Wrist shot by Jack Studnicka.
3:13 of 3rd period - Goal by Jack Studnicka - Admirals : 3 - Griffins : 4.
3:14 of 3rd period - Lucas Wallmark wins face-off versus Christoffer Ehn in neutral zone.
3:37 of 3rd period - Minor Penalty to Kasper Bjorkqvist for Tripping.
3:38 of 3rd period - Lucas Wallmark wins face-off versus Robert Thomas in Admirals zone.
3:49 of 3rd period - Christian Djoos is hit by Ryan Pulock and loses puck.
5:29 of 3rd period - Icing by Kailer Yamamoto.
5:30 of 3rd period - Josh Norris wins face-off versus Christoffer Ehn in Griffins zone.
5:37 of 3rd period - Penalty to Kasper Bjorkqvist is over, Kasper Bjorkqvist is back on ice.
5:55 of 3rd period - Wrist shot by Milos Kelemen.
5:55 of 3rd period - Stopped by Marcus Hogberg without a rebound.
5:56 of 3rd period - Josh Norris wins face-off versus Christoffer Ehn in Griffins zone.
5:59 of 3rd period - Snap shot by Nolan Vesey.
5:59 of 3rd period - Stopped by Marcus Hogberg with a rebound.
6:23 of 3rd period - Drew O'Connor is hit by Morgan Geekie and loses puck.
6:30 of 3rd period - Backhand shot by Morgan Barron.
6:30 of 3rd period - Shot Blocked by Kasper Bjorkqvist.
6:32 of 3rd period - Snap shot by Morgan Geekie.
6:32 of 3rd period - Shot Misses the Net.
7:21 of 3rd period - Minor Penalty to Nolan Vesey for Slashing.
7:22 of 3rd period - Lucas Wallmark wins face-off versus Robert Thomas in Admirals zone.
7:34 of 3rd period - Snap shot by Hunter Shinkaruk.
7:34 of 3rd period - Shot Blocked by Sonny Milano.
7:48 of 3rd period - Hunter Shinkaruk is hit by Connor McMichael and loses puck.
8:56 of 3rd period - Josh Norris is hit by Christoffer Ehn and loses puck.
9:21 of 3rd period - Penalty to Nolan Vesey is over, Nolan Vesey is back on ice.
9:33 of 3rd period - Wrist shot by Gerald Mayhew.
9:33 of 3rd period - Shot Misses the Net.
9:35 of 3rd period - Snap shot by Gerald Mayhew.
9:35 of 3rd period - Shot Hit the Post.
11:11 of 3rd period - Snap shot by Gerald Mayhew.
11:11 of 3rd period - Shot Misses the Net.
11:13 of 3rd period - Wrist shot by Gerald Mayhew.
11:13 of 3rd period - Goal by Gerald Mayhew - Admirals : 4 - Griffins : 4.
11:14 of 3rd period - Christoffer Ehn wins face-off versus Lucas Wallmark in neutral zone.
11:16 of 3rd period - Mathieu Brodeur is hit by Mathieu Joseph and loses puck.
11:27 of 3rd period - Slapshot by Robert Thomas.
11:27 of 3rd period - Shot Hit the Post.
11:29 of 3rd period - Wrist shot by Robert Thomas.
11:29 of 3rd period - Stopped by Felix Sanstrom with a rebound.
11:31 of 3rd period - Slapshot by Jordan Spence.
11:31 of 3rd period - Stopped by Felix Sanstrom without a rebound.
11:32 of 3rd period - Dominic Turgeon wins face-off versus Josh Norris in Admirals zone.
11:45 of 3rd period - Snap shot by Kailer Yamamoto.
11:45 of 3rd period - Goal by Kailer Yamamoto - Admirals : 4 - Griffins : 5.
11:46 of 3rd period - Christoffer Ehn wins face-off versus Lucas Wallmark in neutral zone.
11:55 of 3rd period - Ryan Pulock is hit by Hunter Shinkaruk.
12:40 of 3rd period - Off-side.
12:41 of 3rd period - Lucas Wallmark wins face-off versus Robert Thomas in neutral zone.
12:44 of 3rd period - Snap shot by Lucas Wallmark.
12:44 of 3rd period - Deflect By Hunter Shinkaruk.
12:44 of 3rd period - Deflect By Robert Thomas.
12:44 of 3rd period - Stopped by Marcus Hogberg with a rebound.
12:46 of 3rd period - Slapshot by Christian Djoos.
12:46 of 3rd period - Stopped by Marcus Hogberg with a rebound.
12:48 of 3rd period - Slapshot by Christian Djoos.
12:48 of 3rd period - Stopped by Marcus Hogberg without a rebound.
12:49 of 3rd period - Lucas Wallmark wins face-off versus Christoffer Ehn in Griffins zone.
12:52 of 3rd period - Snap shot by Hunter Shinkaruk.
12:52 of 3rd period - Stopped by Marcus Hogberg with a rebound.
12:54 of 3rd period - Snap shot by Mathieu Joseph.
12:54 of 3rd period - Shot Misses the Net.
12:56 of 3rd period - Snap shot by Reilly Walsh.
12:56 of 3rd period - Stopped by Marcus Hogberg without a rebound.
12:57 of 3rd period - Christoffer Ehn wins face-off versus Lucas Wallmark in Griffins zone.
13:08 of 3rd period - Slapshot by Lucas Wallmark.
13:08 of 3rd period - Shot Misses the Net.
13:49 of 3rd period - Wrist shot by Ian McCoshen.
13:49 of 3rd period - Shot Blocked by Ian Mitchell.
13:51 of 3rd period - Slapshot by Ian McCoshen.
13:51 of 3rd period - Shot Blocked by Ian Mitchell.
13:53 of 3rd period - Snap shot by Morgan Geekie.
13:53 of 3rd period - Shot Misses the Net.
13:55 of 3rd period - Snap shot by Morgan Geekie.
13:55 of 3rd period - Shot Misses the Net.
14:31 of 3rd period - Sebastian Ahaut is hit by Ruslan Iskhakov and loses puck.
16:01 of 3rd period - Backhand shot by Ruslan Iskhakov.
16:01 of 3rd period - Stopped by Marcus Hogberg without a rebound.
16:02 of 3rd period - Connor McMichael wins face-off versus Ruslan Iskhakov in Griffins zone.
16:25 of 3rd period - Sonny Milano is hit by Ian Mitchell.
16:43 of 3rd period - Snap shot by Ruslan Iskhakov.
16:43 of 3rd period - Goal by Ruslan Iskhakov - Admirals : 5 - Griffins : 5.
16:44 of 3rd period - Lucas Wallmark wins face-off versus Connor McMichael in neutral zone.
16:49 of 3rd period - Slapshot by Mathieu Joseph.
16:49 of 3rd period - Shot Blocked by Morgan Geekie.
17:09 of 3rd period - Slapshot by Nathan Walker.
17:09 of 3rd period - Shot Misses the Net.
18:16 of 3rd period - Slapshot by Ian Mitchell.
18:16 of 3rd period - Shot Blocked by Ian McCoshen.
18:28 of 3rd period - Slapshot by Ian Mitchell.
18:28 of 3rd period - Stopped by Marcus Hogberg with a rebound.
18:35 of 3rd period - Icing by Ian McCoshen.
18:36 of 3rd period - Josh Norris wins face-off versus Dominic Turgeon in Griffins zone.
18:41 of 3rd period - Slapshot by Kasper Bjorkqvist.
18:41 of 3rd period - Stopped by Marcus Hogberg with a rebound.
18:49 of 3rd period - Slapshot by Ian McCoshen.
18:49 of 3rd period - Deflect By Nathan Walker.
18:49 of 3rd period - Shot Blocked by Josh Wesley.
18:49 of 3rd period - Puck is out of play.
18:50 of 3rd period - Lucas Wallmark wins face-off versus Connor McMichael in Admirals zone.
18:58 of 3rd period - Wrist shot by Jordan Spence.
18:58 of 3rd period - Deflect By Morgan Geekie.
18:58 of 3rd period - Stopped by Felix Sanstrom without a rebound.
18:59 of 3rd period - Connor McMichael wins face-off versus Lucas Wallmark in Admirals zone.
19:04 of 3rd period - Snap shot by Morgan Barron.
19:04 of 3rd period - Stopped by Felix Sanstrom without a rebound.
19:05 of 3rd period - Connor McMichael wins face-off versus Filip Chlapik in Admirals zone.
19:13 of 3rd period - Off-side.
19:14 of 3rd period - Filip Chlapik wins face-off versus Connor McMichael in neutral zone.
19:35 of 3rd period - Morgan Geekie is hit by Kasper Bjorkqvist and loses puck.
19:56 of 3rd period - Wrist shot by Drew O'Connor.
19:56 of 3rd period - Stopped by Marcus Hogberg with a rebound.
Goals for this period are 2 for Admirals vs 2 for Griffins.
Shots for this period are 15 for Admirals vs 6 for Griffins.
Overtime #1
0:01 of 1st overtime period - Christoffer Ehn wins face-off versus Mark McNeill in neutral zone.
0:14 of 1st overtime period - Wrist shot by Sonny Milano.
0:14 of 1st overtime period - Stopped by Felix Sanstrom with a rebound.
2:34 of 1st overtime period - Snap shot by Morgan Geekie.
2:34 of 1st overtime period - Stopped by Felix Sanstrom with a rebound.
3:03 of 1st overtime period - Sonny Milano is hit by Reilly Walsh.
3:21 of 1st overtime period - Slapshot by Gerald Mayhew.
3:21 of 1st overtime period - Shot Misses the Net.
4:49 of 1st overtime period - Ian McCoshen is hit by Kasper Bjorkqvist and loses puck.
Goals for this period are 0 for Admirals vs 0 for Griffins.
Shots for this period are 0 for Admirals vs 2 for Griffins.
ShootOut
5:00 of 1st overtime period - Round #1.
5:00 of 1st overtime period - Admirals, Mathieu Joseph.
5:00 of 1st overtime period - Deke by Mathieu Joseph.
5:00 of 1st overtime period - Stopped by Marcus Hogberg.
5:00 of 1st overtime period - Griffins, Sonny Milano.
5:00 of 1st overtime period - Deke by Sonny Milano.
5:00 of 1st overtime period - Goal by Sonny Milano.
5:00 of 1st overtime period - Round #2.
5:00 of 1st overtime period - Admirals, Mark McNeill.
5:00 of 1st overtime period - Deke by Mark McNeill.
5:00 of 1st overtime period - Stopped by Marcus Hogberg.
5:00 of 1st overtime period - Griffins, Nathan Walker.
5:00 of 1st overtime period - Deke by Nathan Walker.
5:00 of 1st overtime period - Stopped by Felix Sanstrom.
5:00 of 1st overtime period - Round #3.
5:00 of 1st overtime period - Admirals, Hunter Shinkaruk.
5:00 of 1st overtime period - Backhand shot by Hunter Shinkaruk.
5:00 of 1st overtime period - Stopped by Marcus Hogberg.